 Dungeon Crawl Stone Soup version 0.17-a0-1570-g74b7129 (webtiles) character file.

781 karlkraus the Covered (level 7, 0/62 HPs)
             Began as a Minotaur Fighter on July 24, 2015.
             Slain by Sigmund
             ... wielding a +0 scythe
              (9 damage)
             ... on level 5 of the Dungeon.
             The game lasted 00:21:39 (3738 turns).

karlkraus the Covered (Minotaur Fighter)            Turns: 3738, Time: 00:21:39

Health: 0/62       AC: 10    Str: 22    XL:     7   Next: 55%
Magic:  6/6        EV:  7    Int:  5    God:
Gold:   218        SH: 10    Dex: 10    Spells: 0 memorised, 6 levels left

rFire  . . .     SeeInvis .     a - +0 war axe
rCold  . . .     Clarity  .     l - +0 chain mail
rNeg   . . .     SustAt   .     c - +0 shield
rPois  .         Gourm    .     (helmet restricted)
rElec  .         Spirit   .     (no cloak)
rCorr  .         Warding  .     (no gloves)
rMut   .         Stasis   .     (no boots)
MR     .....                    (no amulet)
Stlth  ..........               (no ring)
                                (no ring)

@: not resistant to hostile enchantments, extremely unstealthy
A: retaliatory headbutt, horns 2
a: no special abilities


You were on level 5 of the Dungeon.
You were not hungry.

You visited 1 branch of the dungeon, and saw 5 of its levels.

You collected 218 gold pieces.

Inventory:

Hand weapons
 a - a +0 war axe (weapon)
 x - a +0 trident
 D - a +2 mace of holy wrath
 I - a +0 long sword
Missiles
 A - 11 poisoned needles
Armour
 c - a +0 shield (worn)
 l - a +0 chain mail (worn)
 r - a cursed +0 leather armour
 C - a cursed +0 robe
 J - a +0 chain mail
Jewellery
 E - an uncursed ring of protection from cold {unknown}
 G - a cursed amulet of inaccuracy {unknown}
Magical devices
 F - a wand of random effects (13)
Scrolls
 f - 2 scrolls of magic mapping {unknown}
 h - a scroll of teleportation {unknown}
 i - 2 scrolls of amnesia {unknown}
 m - 2 scrolls of remove curse {unknown}
 p - a scroll of enchant armour {unknown}
 q - a scroll of blinking {unknown}
 s - 2 scrolls of enchant weapon {unknown}
 u - 6 scrolls of identify {unknown}
 y - a scroll of recharging {unknown}
Potions
 b - a potion of resistance {unknown}
 d - 3 potions of might
 g - a potion of degeneration {unknown}
 j - 3 potions of lignification {unknown}
 k - a potion of ambrosia {unknown}
 n - a potion of flight {unknown}
 o - a potion of heal wounds {unknown}
 t - 2 potions of invisibility {unknown}
 w - 4 potions of brilliance {unknown}
 B - 2 potions of agility {unknown}
 H - a potion of curing {unknown}
Comestibles
 e - 4 bread rations
 v - 3 meat rations
 z - 2 royal jellies
 L - 4 fruits


   Skills:
 + Level 5.8 Fighting
 + Level 5.7 Axes
 + Level 5.9 Armour
 + Level 2.5 Dodging
 + Level 0.1 Stealth
 + Level 5.7 Shields
 + Level 0.5 Evocations


You had 6 spell levels left.
You didn't know any spells.

Dungeon Overview and Level Annotations

Branches:
Dungeon (5/15)
 Temple: D:4-7

Altars:
Dithmenos
Gozag
Kikubaaqudgha

Annotations:
D:5 Sigmund


Innate Abilities, Weirdness & Mutations

You reflexively headbutt those who attack you in melee.
You have a pair of horns on your head.


Message History

The worm bites you but does no damage. The worker ant bites you.
Something hits you.
You hit the worm.
The worm is moderately wounded.
You hit the ogre.
The ogre is lightly wounded.
You barely miss the worker ant. The ogre hits you with a giant club!
You block the worker ant's attack. The worm completely misses you.
Something hits you!
* * * LOW HITPOINT WARNING * * *
The worm barely misses you.
The worker ant bites you but does no damage.
You see here a robe.
Something hits you.
* * * LOW HITPOINT WARNING * * *
You block the ogre's attack.
The worker ant bites you but does no damage.
Something hits you but does no damage. You block the ogre's attack.
Something hits you!
You die...

#########
#.......#
#.......#
######.......#
.......@.....##
.#####.a......##
#..O......##
#.[.w).....###(#
####...........
##.......### #.#
#.......## #.#
##......# ##.#
##.....# ...


You could see an ogre, a worm and a worker ant.

Vanquished Creatures
  A phantom (D:4)
  2 ogres (D:4)
  A scorpion (D:4)
  The ghost of Duffy the Firebug, a weakling VSFE (D:3)
  Crazy Yiuf (D:2)
  4 orc wizards
  A worker ant (D:4)
  A hound (D:4)
  Terence (D:2)
  An orc priest (D:5)
  A gnoll (D:4)
  6 adders
  2 worms (D:2)
  4 giant geckos
  20 orcs
  9 bats
  A bat skeleton (D:4)
  5 giant cockroaches
  10 goblins
  10 hobgoblins
  9 kobolds
  2 ball pythons
  3 giant newts
  10 jackals
  4 rats
110 creatures vanquished.

Notes
Turn   | Place    | Note
--------------------------------------------------------------
     0 | D:1      | karlkraus the Minotaur Fighter began the quest for the Orb.
     0 | D:1      | Reached XP level 1. HP: 19/19 MP: 0/0
   139 | D:1      | Reached skill level 4 in Armour
   141 | D:1      | Reached XP level 2. HP: 27/27 MP: 1/1
   813 | D:2      | Reached XP level 3. HP: 30/33 MP: 2/2
   838 | D:2      | Noticed Terence
   859 | D:2      | Killed Terence
  1012 | D:2      | Reached skill level 1 in Dodging
  1012 | D:2      | Reached XP level 4. HP: 24/40 MP: 3/3
  1167 | D:2      | Noticed Crazy Yiuf
  1173 | D:2      | Killed Crazy Yiuf
  1249 | D:2      | Found an opulent altar of Gozag.
  1390 | D:3      | Noticed Duffy's ghost (weakling VSFE)
  1417 | D:3      | Killed Duffy's ghost
  1417 | D:3      | Reached XP level 5. HP: 8/47 MP: 4/4
  1869 | D:3      | Reached skill level 5 in Shields
  1954 | D:3      | Found a shadowy altar of Dithmenos.
  1973 | D:3      | Reached skill level 5 in Armour
  1973 | D:3      | Reached XP level 6. HP: 41/53 MP: 5/5
  2257 | D:3      | Found an ancient bone altar of Kikubaaqudgha.
  2641 | D:4      | Reached skill level 5 in Fighting
  2804 | D:4      | Reached XP level 7. HP: 20/61 MP: 6/6
  2949 | D:4      | Reached skill level 5 in Axes
  3514 | D:5      | Entered Level 5 of the Dungeon
  3722 | D:5      | Noticed Sigmund
  3738 | D:5      | Slain by Sigmund

Vault maps used:
D:1:      evilmike_arrival_hilbert_curve
D:2:      nicolae_gozag_cash_rules_everything_around_me, first_bread,
          kennysheep_nondescript, uniq_crazy_yiuf_cottage, uniq_terence
D:3:      nicolae_overflow_hidden_temple, nicolae_dithmenos_shadow_blocks
D:4:      wad_crossroads
D:5:      uniq_sigmund

Action                   |  1- 3 |  4- 6 |  7- 9 || total
-------------------------+-------+-------+-------++-------
Melee: War axe           |    94 |   135 |    61 ||   290
Evoke: Wand              |       |     1 |       ||     1
  Eat: Chunk             |       |     6 |       ||     6
       Bread ration      |       |       |     1 ||     1
